[Event "*** Titled Tuesday 3|2 Blitz"]
[Site "Chess.com"]
[Date "2015.12.01"]
[Round "1"]
[White "THORK"]
[Black "spectralsoul"]
[Result "1-0"]
[WhiteElo "2203"]
[BlackElo "2470"]
[TimeControl "180+2"]
[EndTime "11:07:30 PST"]
[Termination "THORK won by resignation"]

1. f4 d6 2. e4 c5 3. Nc3 g6 4.
Nf3 Bg7 5. Bb5+ Nd7 6. O-O a6 7.
Bxd7+ Bxd7 8. Qe1 Bc6 9. d3 Nf6 10. Qh4 b5 11. f5 b4 12. Ne2 Nd7 13. Rb1 Qa5 14. Bh6 Bf6 15. Bg5 O-O-O 16. a3 bxa3 17.
bxa3 Ba4 18. Bxf6 exf6 19. Rb2 Kc7 20. Rfb1 Bc6 21. Qg3 Rb8 22. h4 Rxb2 23. Rxb2 Qxa3 24. Rb1 Rb8 25. Rxb8 Nxb8 26. fxg6 hxg6 27. h5 gxh5 28. Nf4 Qc1+ 29. Kh2 Qxc2 30. Qg7 Nd7 31. Qxf7 a5 32. Qe7 Qb3 33. Ne6+ Kb6 34. Qxd6 a4 35. Qc7+ Kb5 36. Ned4+ cxd4 37. Nxd4+ Kc5 38. Nxb3+ axb3 39. Qa5+ Kd4 40. Qb4+ Kxd3 41. Qxb3+ Kd4 42. Qe6 Kc5 43. Kg3 Bb5 44.
Kh4 Bc6 45. Kxh5 Ne5 46. Qxf6 Kd4 47. g4 Bxe4 48. Qd6+ Bd5 49. g5 Ke4 50. g6 Nc4 51. Qxd5+ Kxd5 52. g7 1-0

[Event "*** Titled Tuesday 3|2 Blitz"]
[Site "Chess.com"]
[Date "2015.12.01"]
[Round "1"]
[White "AleksandrNevski"]
[Black "Colombiano07"]
[Result "1/2-1/2"]
[WhiteElo "2353"]
[BlackElo "2093"]
[TimeControl "180+2"]
[EndTime "11:07:38 PST"]
[Termination "Game drawn - insufficient material"]

1. Nf3 g6 2. d4 Bg7 3. c3 d5 4. Bf4 Nf6 5. e3 O-O 6. Be2 b6 7. O-O Ba6 8. Bxa6 Nxa6 9. a4 c5 10. Nbd2 Nb8 11. a5 Nc6 12. axb6 axb6 13. Qb3 Nd7 14.
Qxd5 Na5 15. b4 cxb4 16. cxb4 e6 17. Qe4 Nf6 18. Qb1 Nc6 19. Rxa8 Qxa8 20. b5 Na5 21. Rc1 Rc8 22. Be5 Nd5 23. Bxg7 Kxg7 24. Qb2 Qb7 25. h3 Rc7 26. Ne5 Qc8 27. Rxc7 Qxc7 28. e4 Qc3 29.
Qxc3 Nxc3 30. Ndc4 Nxc4 31. Nxc4 Nxb5 32. d5 exd5 33.
exd5 Kf6 34. Nxb6 Ke5 35. g3 Nc3 36. Nd7+ Kxd5 37. Nf6+ Ke6 38. Nxh7 f6 39. h4 Kf7 40. g4 Kg7 41. Nxf6 Kxf6 42. Kg2 Ke5 43. Kf3 Ne4 44. Ke3 Nf6 45. f4+ Kd6 46. Kf3 Ke6 47. f5+ gxf5 48. gxf5+ Kxf5 49. h5 Kg5 50. h6 Kxh6 1/2-1/2

[Event "*** Titled Tuesday 3|2 Blitz"]
[Site "Chess.com"]
[Date "2015.12.01"]
[Round "1"]
[White "stepanosinovsky"]
[Black "Konavets"]
[Result "0-1"]
[WhiteElo "2209"]
[BlackElo "2535"]
[TimeControl "180+2"]
[EndTime "11:07:42 PST"]
[Termination "Konavets won on time"]

1. Nf3 Nf6 2. g3 d5 3. Bg2 Bg4 4. Ne5 Bf5 5. c4 Nbd7 6. Nxd7 Qxd7 7. Qb3 c6 8. cxd5 cxd5 9. Nc3 e6 10. d3 Be7 11.
O-O O-O 12. e4 Bg6 13. e5 Ne8 14. Ne2 Nc7 15. d4 Qb5 16. Qxb5 Nxb5 17. a4 Nc7 18. Bd2 Na6 19. Nf4 Bb4 20. Nxg6 hxg6 21. Bxb4 Nxb4 22.
Rfc1 Rfc8 23. Bf1 Nc2 24. Rab1 Nxd4 25. Rd1 Nf3+ 26. Kg2 Nxe5 27. f4 Nc4 28. Kf3 Nd6 29.
Rdc1 Kf8 30. Ke3 Ke7 31. Kd4 Nf5+ 32. Kd3 Kd6 33. g4 Ne7 34. Bg2 Nc6 35. b4 Nxb4+ 36. Kd2 a5 37. Bf1 Rxc1 38. Rxc1 Rh8 39. h3 f6 40. Bg2 e5 41. Ke3 g5 42. fxe5+ fxe5 43. Rf1 Nc2+ 44. Kd2 Nd4 45. Rf7 Ne6 46. Bf1 Rf8 47. Rxf8 Nxf8 48. Bd3 e4 49. Bb5 Ke5 50. Be8 Ne6 51. Bd7 d4 52. Bc8 Nc5 53. Ke2 g6 0-1

[Event "*** Titled Tuesday 3|2 Blitz"]
[Site "Chess.com"]
[Date "2015.12.01"]
[Round "1"]
[White "Rating-Schmating"]
[Black "amaidel"]
[Result "0-1"]
[WhiteElo "2099"]
[BlackElo "2383"]
[TimeControl "180+2"]
[EndTime "11:07:42 PST"]
[Termination "amaidel won by resignation"]

1. e4 e5 2. Nf3 Nc6 3. d4 exd4 4. Nxd4 Nf6 5. Nxc6 bxc6 6. e5 Qe7 7. Qe2 Nd5 8.
c4 Ba6 9. Nd2 Nf4 10. Qe4 Ng6 11.
f4 f6 12. exf6 gxf6 13. b3 Nxf4 14. Bb2 Bg7 15. O-O-O Ne6 16. g3 O-O 17. Bh3 f5 18. Qc2 Nd4 19. Bxd4 Bxd4 20. Nf3 Bg7 21. Rhe1 Qf6 22.
Nd4 Qh6+ 23. Qd2 Qxh3 24. Kb1 Qh6 25. Qd3 Qf6 26. Qd2 c5 27. Nf3 Qa1+ 28. Kc2 Qxa2+ 29. Kc1 Qa1+ 30. Kc2 Qb2+ 31. Kd3 Qxb3+ 32. Ke2 Qxc4+ 33. Kf2 d6 34. Re7 Rf7 35. Rxf7 Qxf7 36. Re1 h6 37. Qa5 Bd3 38. Qd2 Be4 39. Ng1 Rf8 40. Ne2 Qh5 41. Qf4 Qxh2+ 42. Ke3 Qh5 43. Kd2 Qg5 0-1

[Event "*** Titled Tuesday 3|2 Blitz"]
[Site "Chess.com"]
[Date "2015.12.01"]
[Round "1"]
[White "Thomaslegend"]
[Black "VSERGUEI"]
[Result "0-1"]
[WhiteElo "2153"]
[BlackElo "2448"]
[TimeControl "180+2"]
[EndTime "11:07:44 PST"]
[Termination "VSERGUEI won by resignation"]

1. d4 d5 2. c4 c6 3. Nf3 Nf6 4. e3 Bf5 5. Nc3 e6 6. Be2 h6 7. Bd3 Bxd3 8. Qxd3 Nbd7 9. O-O Bb4 10. Bd2 a5 11. a3 Bxc3 12. Bxc3 Ne4 13. Nd2 Ndf6 14. f3 Nxd2 15. Bxd2 O-O 16. Rfd1 a4 17. Bb4 Re8 18. e4 dxe4 19. fxe4 e5 20. d5 cxd5 21. cxd5 Qb6+ 22. Kh1 Ng4 23. Rf1 Nf2+ 24. Rxf2 Qxf2 25. Bc3 f5 26. Qb5 fxe4 27. Rf1 Qh4 28. d6 Rf8 29. Rd1 Qf6 30. d7 e3 31. Bxe5 Qe6 32. Bg3 e2 33. Rf1 0-1

[Event "*** Titled Tuesday 3|2 Blitz"]
[Site "Chess.com"]
[Date "2015.12.01"]
[Round "1"]
[White "ZEN-22"]
[Black "GeorgMeier"]
[Result "0-1"]
[WhiteElo "2264"]
[BlackElo "2619"]
[TimeControl "180+2"]
[EndTime "11:07:49 PST"]
[Termination "GeorgMeier won by resignation"]

1. e4 e6 2. d4 d5 3. exd5 exd5 4. c4 Nf6 5. Nc3 Bb4 6. Bg5 O-O 7. Nf3 Qe8+ 8. Be2 Ne4 9. Bd2 Nxd2 10. Nxd2 Nc6 11.
Nxd5 Ba5 12. O-O Nxd4 13. Bd3 c6 14. Ne3 Bc7 15. Nf3 Nxf3+ 16. Qxf3 g6 17. g3 Be6 18. Rfe1 Rd8 19. Rad1 Qe7 20. b3 Rd7 21. Bc2 Rfd8 22. Rxd7 Rxd7 23. h4 Qc5 24. Kg2 Kg7 25. h5 Qg5 26.
Rh1 Rd2 27. hxg6 hxg6 28. Be4 Bb6 29. Re1 Rxa2 30. Kg1 a5 31. Re2 Rxe2 32. Qxe2 Bxe3 33. Qxe3 Qxe3 34. fxe3 Kf6 35. Kf2 Ke5 36. Bc2 Bf5 37. Bd1 Ke4 38. Bc2+ Ke5 39. Bd1 Bb1 40. Ke2 Ke4 41.
Kd2 Bd3 42. Bg4 f5 43. Bh3 Bb1 44. Bg2+ Ke5 45. Kc3 Be4 46. Bf1 Bf3 47. Bd3 Kf6 48. Bc2 Kg5 49. Kd4 Kg4 50. Kc5 Kxg3 51. Kb6 c5 52. Kxa5 Be4 53. Bd1 Kf2 54. Kb5 g5 55. Kxc5 g4 0-1

[Event "*** Titled Tuesday 3|2 Blitz"]
[Site "Chess.com"]
[Date "2015.12.01"]
[Round "1"]
[White "AdrianaNikolova"]
[Black "Imre91"]
[Result "0-1"]
[WhiteElo "2244"]
[BlackElo "2575"]
[TimeControl "180+2"]
[EndTime "11:07:50 PST"]
[Termination "Imre91 won by resignation"]

1. e4 g6 2. d4 Bg7 3. Nc3 d6 4.
h3 a6 5. Be3 Nd7 6. a3 b5 7. g4 Bb7 8. Bg2 e5 9. Nge2 Ne7 10. O-O c5 11. d5 h6 12. Ng3 Qb6 13. Qd2 Qc7 14. Rad1 Nb6 15. b3 Bc8 16. f4 exf4 17.
Rxf4 Nd7 18. Rdf1 Ne5 19. R4f2 Bd7 20. Bf4 Rh7 21. Kh2 a5 22. a4 b4 23. Nd1 c4 24.
Ne3 c3 25. Qe2 Bc8 26. Bxe5 Bxe5 27. Nc4 Ba6 28. Rf3 Bxc4 29. bxc4 Rc8 30. R1f2 Qxc4 31. Qxc4 Rxc4 32. Bf1 Rxe4 33. Bb5+ Kf8 34. Bd3 Rd4 35.
Kg2 Bxg3 36. Kxg3 Rg7 37. Rf4 Rxf4 38. Rxf4 f5 39. Bc4 Kf7 40. Kf2 Kf6 41. h4 Rg8 42.
Rf3 Rc8 43. Bb3 Rc5 44. gxf5 gxf5 45. Rd3 Ng6 46. h5 Nf4 47. Re3 Nxd5 48. Re8 Nf4 49. Rf8+ Kg5 50. Kf3 Nxh5 51. Be6 Re5 52. Bd7 b3 53. cxb3 Nf6 54. Bb5 c2 55. Rc8 Rc5 0-1

[Event "*** Titled Tuesday 3|2 Blitz"]
[Site "Chess.com"]
[Date "2015.12.01"]
[Round "1"]
[White "Oligan22"]
[Black "Matibar"]
[Result "0-1"]
[WhiteElo "2166"]
[BlackElo "2489"]
[TimeControl "180+2"]
[EndTime "11:07:51 PST"]
[Termination "Matibar won by resignation"]

1. e4 e6 2. d4 d5 3. Nc3 Bb4 4. Ne2 Nf6 5. e5 Nfd7 6. f4 b6 7. a3 Bxc3+ 8. Nxc3 Ba6 9. Qg4 g6 10. Be3 Bxf1 11. Rxf1 c5 12. O-O-O Nc6 13. Nb5 O-O 14. Bf2 a6 15. Nc3 Nxd4 16. Bxd4 cxd4 17. Rxd4 Rc8 18.
h4 f5 19. exf6 Qxf6 20. Rfd1 Qf5 21. Qe2 Nc5 22. g4 Qf6 23. h5 gxh5 24. gxh5 Kh8 25. Kb1 Rg8 26. Qe3 Rg2 27. Qf3 Rcg8 28. R4d2 R2g3 29. Qf2 Rxc3 30. bxc3 Ne4 31. Qxb6 Nxc3+ 32. Kc1 Nxd1 33. Rxd1 Qxf4+ 34. Kb1 Rb8 35. Qxb8+ Qxb8+ 36. Kc1 Qd6 37. Rd3 Kg7 38. Kd2 Kf6 0-1

[Event "*** Titled Tuesday 3|2 Blitz"]
[Site "Chess.com"]
[Date "2015.12.01"]
[Round "1"]
[White "WanderingPuppet"]
[Black "pKiLz5Rn9b"]
[Result "0-1"]
[WhiteElo "2148"]
[BlackElo "2464"]
[TimeControl "180+2"]
[EndTime "11:07:52 PST"]
[Termination "pKiLz5Rn9b won on time"]

1. e4 e6 2. d4 d5 3. Nc3 Nf6 4.
Bg5 Be7 5. e5 Nfd7 6. h4 h6 7.
Bxe7 Qxe7 8. Nb5 Nb6 9. a3 a6 10. Nc3 c5 11. Qg4 O-O 12. Nf3 Nc6 13. dxc5 Nd7 14.
Qf4 f6 15. exf6 Rxf6 16. Qd6 Nxc5 17. Qxe7 Nxe7 18. O-O-O Bd7 19. Rd2 Be8 20. Ne5 Nd7 21.
Nxd7 Bxd7 22. f3 Bc6 23. Bd3 e5 24. Re2 e4 25. fxe4 d4 26. Nd1 Rd8 27. Bc4+ Kh8 28. Nf2 Ng6 29. Nd3 Re8 30. h5 Ne5 31. Nxe5 Rxe5 32.
Bd3 Rfe6 33. Rh4 Kg8 34. Kd2 Kf8 35. g3 Ke7 0-1

[Event "*** Titled Tuesday 3|2 Blitz"]
[Site "Chess.com"]
[Date "2015.12.01"]
[Round "1"]
[White "LuckyTiger"]
[Black "JustKid"]
[Result "1-0"]
[WhiteElo "2440"]
[BlackElo "2124"]
[TimeControl "180+2"]
[EndTime "11:07:53 PST"]
[Termination "LuckyTiger won by resignation"]

1. e4 d6 2. d4 Nf6 3. Nc3 g6 4. Nf3 Bg7 5. h3 O-O 6. Be3 c6 7. Bd3 Qc7 8. Qd2 e5 9. O-O b5 10. a4 b4 11. Ne2 a5 12. c3 Ba6 13. Rfc1 Bxd3 14. Qxd3 Nbd7 15. cxb4 axb4 16. dxe5 dxe5 17. Nd2 Rfd8 18. Qc4 c5 19. Qxb4 Rab8 20. Qc3 Bf8 21. f3 Qb7 22. b3 Nb6 23. Bg5 Nbd7 24. a5 Qa6 25. Nc4 h6 26. Bh4 g5 27. Bf2 Nh5 28.
Rd1 Nf4 29. Ng3 Qb5 30. Kh2 Qxb3 31. Qxb3 Rxb3 32. a6 Rc3 33. Nxe5 Nxe5 34. Rxd8 Rc2 35. Nh1 Ned3 36. a7 Nxf2 37. Nxf2 Rxf2 38. a8=Q 1-0

[Event "*** Titled Tuesday 3|2 Blitz"]
[Site "Chess.com"]
[Date "2015.12.01"]
[Round "1"]
[White "alturas_pacificas"]
[Black "NguyenDucHoa"]
[Result "0-1"]
[WhiteElo "2113"]
[BlackElo "2346"]
[TimeControl "180+2"]
[EndTime "11:07:58 PST"]
[Termination "NguyenDucHoa won by resignation"]

1. d4 Nf6 2. Bf4 g6 3. e3 Bg7 4. Be2 O-O 5. Nf3 d6 6. O-O b6 7. h3 Bb7 8. c4 Nbd7 9. Nc3 a6 10. Rc1 e6 11. b4 Qe7 12. Bh2 e5 13. dxe5 Nxe5 14.
Nxe5 dxe5 15. Qb3 Rad8 16. Rfd1 Ne4 17. Nxe4 Bxe4 18. Rxd8 Rxd8 19. Rd1 Rxd1+ 20. Bxd1 Qd7 21. Bf3 Bxf3 22. gxf3 b5 23. cxb5 axb5 24. Kg2 h6 25. Qc2 Kh7 26. Qc5 f6 27. Bg3 Kg8 28. h4 h5 29. a3 Bf8 30. Qc2 Kg7 31. f4 exf4 32.
Bxf4 c6 33. Qe4 Kf7 34. Bg3 Qe6 35. Qc2 f5 36. Qc3 Bg7 37. Qc2 Qe4+ 38. Qxe4 fxe4 39. Bd6 Ke6 40. Bc5 Bb2 41. Kg3 Kf5 42. f3 Bxa3 43.
f4 Bc1 44. Bd4 Bd2 45. Bc5 Be1+ 46. Kh3 Ke6 47. Bf8 Kd5 48. Be7 Kc4 0-1

[Event "*** Titled Tuesday 3|2 Blitz"]
[Site "Chess.com"]
[Date "2015.12.01"]
[Round "1"]
[White "silverback96"]
[Black "riconaipe"]
[Result "0-1"]
[WhiteElo "1926"]
[BlackElo "2315"]
[TimeControl "180+2"]
[EndTime "11:08:07 PST"]
[Termination "riconaipe won by checkmate"]

1. d4 d5 2. c4 c6 3. Nf3 Nf6 4. Nc3 a6 5. a4 e6 6. g3 a5 7. Bg2 Na6 8. O-O Nb4 9. Re1 Be7 10. e4 dxe4 11. Nxe4 O-O 12. h4 b6 13. Bg5 Bb7 14. Qb1 c5 15. Nxf6+ Bxf6 16. Bxf6 gxf6 17. d5 Re8 18. Qe4 f5 19. Qf4 Qf6 20. d6 Nd3 21. Qd2 Nxe1 22. Rxe1 Rad8 23. Ne5 Be4 24. f4 Qg7 25. Kf2 Bxg2 26. Kxg2 f6 27. Nc6 Qb7 28. Kh2 Qxc6 29. Rd1 Rd7 30. Qc3 Kf7 31. Qd2 Red8 32. Qe2 Rxd6 33. Qh5+ Kg7 34. Qe2 Rxd1 35. Qh5 R8d2+ 36.
Kh3 Qg2# 0-1

[Event "*** Titled Tuesday 3|2 Blitz"]
[Site "Chess.com"]
[Date "2015.12.01"]
[Round "1"]
[White "MinhGTrAn"]
[Black "StellarChessPro"]
[Result "1-0"]
[WhiteElo "2627"]
[BlackElo "2268"]
[TimeControl "180+2"]
[EndTime "11:08:08 PST"]
[Termination "MinhGTrAn won by resignation"]

1. d4 d5 2. c4 c6 3. Nc3 Nf6 4.
cxd5 cxd5 5. Bf4 a6 6. e3 Nc6 7.
Bd3 e6 8. Rc1 Bd6 9. Bxd6 Qxd6 10.
f4 O-O 11. Nf3 Ne8 12. O-O f5 13. Ne5 Nf6 14. Na4 Ne4 15. Nc5 Nxe5 16. fxe5 Qe7 17. Bxe4 fxe4 18. Rxf8+ Qxf8 19. Qg4 Qe7 20. h4 Rb8 21. Qg5 Qxg5 22. hxg5 b6 23. Nb3 Bd7 24. Rc7 Bb5 25. Nd2 Kf8 26. b3 Be8 27. Nb1 Ra8 28. Kf2 b5 29. Nc3 b4 30. Ne2 Bb5 31. Nf4 Re8 32. Ke1 Re7 33. Rc5 Kf7 34. Kd2 Rb7 35. Rc8 h6 36. g6+ Ke7 37. Rg8 Rd7 38. Rxg7+ Ke8 39. Rh7 Kf8 40. Nxe6+ Kg8 41. Nf4 Rxh7 42. gxh7+ Kxh7 43. Nxd5 a5 44. e6 Kg7 45. Nc7 Bc6 46. d5 1-0

[Event "*** Titled Tuesday 3|2 Blitz"]
[Site "Chess.com"]
[Date "2015.12.01"]
[Round "1"]
[White "Goala"]
[Black "Fandorine"]
[Result "1/2-1/2"]
[WhiteElo "2232"]
[BlackElo "2515"]
[TimeControl "180+2"]
[EndTime "11:08:11 PST"]
[Termination "Game drawn by repetition"]

1. d4 Nf6 2. c4 g6 3. Nc3 Bg7 4.
e4 O-O 5. h3 c6 6. Nf3 d5 7.
cxd5 cxd5 8. e5 Ne4 9. Bd3 Nxc3 10. bxc3 b6 11. O-O Ba6 12. a4 Qc8 13. Ba3 Re8 14. Qe2 Bxd3 15. Qxd3 Nc6 16. c4 dxc4 17. Qxc4 Na5 18. Qe2 Qc4 19. Qe3 Qd5 20. Bb4 Nc6 21. Ba3 f6 22. Rfe1 Rad8 23. Rad1 f5 24. h4 h6 25. Qf4 e6 26. Bd6 Na5 27. Qg3 Kh7 28. h5 g5 29. Nxg5+ hxg5 30. Qxg5 Rg8 31. Qg6+ Kh8 32. h6 Nc4 33. Rd3 Bxe5 34. Bxe5+ Nxe5 35. Qf6+ Kh7 36. Qe7+ Kh8 37. Qf6+ Kh7 38. Qe7+ Kh8 39. Qf6+ Kh7 40. Qe7+ Kh8 41. Qf6+ Kh7 42. Qe7+ Kh8 43. Qf6+ 1/2-1/2

[Event "*** Titled Tuesday 3|2 Blitz"]
[Site "Chess.com"]
[Date "2015.12.01"]
[Round "1"]
[White "BellJackson95"]
[Black "Gabrielian_Artur"]
[Result "0-1"]
[WhiteElo "2158"]
[BlackElo "2553"]
[TimeControl "180+2"]
[EndTime "11:08:19 PST"]
[Termination "Gabrielian_Artur won by resignation"]

1. d4 Nf6 2. Nc3 d5 3. Bf4 Bf5 4. e3 e6 5. Nf3 Nbd7 6. Be2 h6 7. Ne5 Bd6 8. g4 Bh7 9. Nxd7 Qxd7 10. Bxd6 Qxd6 11. h3 a6 12. Bd3 O-O-O 13. Bxh7 Rxh7 14. Qd3 Rhh8 15. O-O-O Kb8 16. f4 Rc8 17. Na4 Ne4 18. Rhf1 h5 19. g5 h4 20. Nc3 Ng3 21. Rf3 Nf5 22. e4 dxe4 23. Nxe4 Qb6 24. Nc5 Rcd8 25. Qc4 Qb5 26. Qxb5 axb5 27. c3 c6 28. a3 b6 29.
Nd3 f6 30. Re1 Rd6 31. Kc2 Kc7 32. Nf2 Rhd8 33. gxf6 gxf6 34. Ng4 Rxd4 35. Rxe6 Rd2+ 36. Kb1 Rg2 37. Rf2 Rg1+ 38. Ka2 Rg3 39. Rxf6 Nd6 40. Rh2 Ne4 41. Rh6 Rd1 42. Ne5 Rgg1 43. Rxc6+ Kb7 44. Rh6 Nc5 45. b4 Ne4 46. Kb3 Nd2+ 47. Rxd2 Rxd2 48. c4 Rg3+ 0-1

[Event "*** Titled Tuesday 3|2 Blitz"]
[Site "Chess.com"]
[Date "2015.12.01"]
[Round "1"]
[White "E-Shaposhnikov"]
[Black "FrankieJay"]
[Result "1-0"]
[WhiteElo "2471"]
[BlackElo "2153"]
[TimeControl "180+2"]
[EndTime "11:08:19 PST"]
[Termination "E-Shaposhnikov won by resignation"]

1. e4 c5 2. Nf3 Nc6 3. Bb5 e6 4.
Bxc6 bxc6 5. b3 Ne7 6. Ba3 Ng6 7.
d4 cxd4 8. Bxf8 Kxf8 9. Qxd4 Qa5+ 10. Nbd2 d5 11. b4 Qb6 12. O-O e5 13. Qxb6 axb6 14. c4 d4 15. a4 Ke7 16. Ne1 Be6 17. Nd3 f6 18. c5 bxc5 19. Nxc5 Rhb8 20. Rfb1 Nf4 21.
Kf1 Bd7 22. Nc4 Ne6 23. Nd3 Bc8 24. Ke1 Ba6 25. Rc1 Bxc4 26. Rxc4 Kd7 27. g3 Ra6 28. Kd2 Rba8 29. a5 R6a7 30. f4 exf4 31. gxf4 Rc7 32. f5 Ng5 33. Rxd4+ Ke7 34. Ke3 Rb8 35. Nc5 Ra8 36.
Rad1 Nf7 37. Rd7+ Rxd7 38. Rxd7+ Ke8 39. Rc7 Rb8 40. a6 Ne5 41. a7 Ra8 42. Rb7 1-0

[Event "*** Titled Tuesday 3|2 Blitz"]
[Site "Chess.com"]
[Date "2015.12.01"]
[Round "1"]
[White "alexsuper1987"]
[Black "JustaTrickstar"]
[Result "0-1"]
[WhiteElo "2198"]
[BlackElo "2508"]
[TimeControl "180+2"]
[EndTime "11:08:20 PST"]
[Termination "JustaTrickstar won by resignation"]

1. e4 c5 2. Nf3 Nc6 3. d4 cxd4 4.
Nxd4 Nf6 5. Nc3 d6 6. Be3 Ng4 7. Bg5 Qb6 8. Bb5 Bd7 9. Bxc6 bxc6 10. O-O Qxb2 11. Qd2 h6 12. Bh4 Qb6 13. Rab1 Qc5 14. h3 Ne5 15. f4 Nc4 16. Qd3 Nb6 17. Bf2 Qc4 18. Qf3 g6 19. f5 Bg7 20. Nce2 O-O 21. a3 c5 22. Nb3 Qxc2 23. Rfc1 Qa2 24. Na5 Qd2 25. Nb3 Qg5 26. Be3 Qf6 27. Nd2 gxf5 28.
exf5 Qxf5 29. Qg3 Qg6 30. Qf2 e5 31. Ng3 f5 32. Rd1 f4 33. Nde4 fxg3 34. Qc2 Bf5 35. Rxd6 Qxd6 36. Nxd6 Bxc2 0-1

[Event "*** Titled Tuesday 3|2 Blitz"]
[Site "Chess.com"]
[Date "2015.12.01"]
[Round "1"]
[White "lukas_111111"]
[Black "GrigorGrigorov"]
[Result "0-1"]
[WhiteElo "2225"]
[BlackElo "2538"]
[TimeControl "180+2"]
[EndTime "11:08:26 PST"]
[Termination "GrigorGrigorov won by resignation"]

1. d4 Nf6 2. c4 e6 3. Nf3 b6 4. g3 Bb7 5. Bg2 Be7 6. O-O O-O 7. Re1 Ne4 8. Nfd2 d5 9. cxd5 exd5 10. Nc3 f5 11. Ndxe4 dxe4 12. Bf4 Bf6 13. e3 Na6 14. Qb3+ Kh8 15. h4 c5 16. Rad1 cxd4 17. exd4 Qd7 18. Bf1 Nc7 19. Bc4 Rad8 20. a4 Nd5 21. Be5 Bc6 22.
Nb5 Be7 23. h5 h6 24. Qc2 Rc8 25. Qd2 Bg5 26. Qe2 f4 27. Nd6 e3 28. Nxc8 f3 29. Qf1 e2 30. Bxe2 fxe2 31. Rxe2 Qxc8 32. f4 Qg4 33.
Kf2 Nxf4 34. gxf4 Bxf4 35. Ke1 Bg3+ 36. Kd2 Rxf1 37. Rxf1 Qg5+ 38. Kc2 Qxh5 39. Kd2 Bh4 40. Rg1 Bg5+ 41. Kc2 Qxe2+ 0-1

[Event "*** Titled Tuesday 3|2 Blitz"]
[Site "Chess.com"]
[Date "2015.12.01"]
[Round "1"]
[White "Krutoy123"]
[Black "norwaytoadog"]
[Result "1-0"]
[WhiteElo "2320"]
[BlackElo "1914"]
[TimeControl "180+2"]
[EndTime "11:08:31 PST"]
[Termination "Krutoy123 won on time"]

1. e4 e5 2. Nf3 Nc6 3. Bb5 a6 4. Ba4 Nf6 5. O-O Be7 6. Re1 b5 7. Bb3 d6 8. c3 O-O 9. h3 Bb7 10. d4 Re8 11. Ng5 Rf8 12. Nf3 Re8 13. Nbd2 Bf8 14. a4 h6 15. d5 Na5 16. Bc2 c6 17. b4 Nc4 18. Nxc4 bxc4 19. dxc6 Bxc6 20. Qe2 Rc8 21. Ba3 Qb6 22. Rad1 Qb7 23. Nd2 d5 24.
Qf1 dxe4 25. Nxc4 Bd5 26. Na5 Qa8 27. Re3 Nh5 28. c4 Bb7 29. Nxb7 Qxb7 30. Bxe4 Qa7 31. a5 Nf4 32. c5 Qe7 33. g3 Qg5 34. h4 Qg4 35. Bf3 Qg6 36. Kh2 Ne6 37. Be4 Qf6 38.
Rf3 Qe7 39. Bd5 Nd4 40. Rxf7 Qxf7 41. Bxf7+ Kxf7 42. Qxa6 Kg8 43. Qc4+ Kh8 44. a6 Nf3+ 45. Kg2 e4 46. b5 e3 47. Kxf3 exf2 48. Rf1 Be7 49.
Kxf2 Rf8+ 50. Kg2 1-0

[Event "*** Titled Tuesday 3|2 Blitz"]
[Site "Chess.com"]
[Date "2015.12.01"]
[Round "1"]
[White "Iball95"]
[Black "Schemato"]
[Result "1-0"]
[WhiteElo "2418"]
[BlackElo "2110"]
[TimeControl "180+2"]
[EndTime "11:08:36 PST"]
[Termination "Iball95 won by checkmate"]

1. e4 e6 2. d4 d5 3. Nc3 Nf6 4. Bg5 Bb4 5. e5 h6 6. Be3 Ne4 7. Qg4 g6 8. Bd3 h5 9. Qf3 Nxc3 10. a3 Be7 11. bxc3 c5 12. g3 Qa5 13. Bd2 Qa4 14. Qd1 Nc6 15. Nf3 b6 16. O-O Ba6 17. Bxa6 Qxa6 18.
h4 Na5 19. Bg5 Qb7 20. Re1 Rc8 21. a4 O-O 22. Qc1 Rc6 23. Bf6 Bxf6 24. exf6 Kh7 25. Ng5+ Kg8 26. Nf3 Kh7 27. Qf4 cxd4 28. cxd4 Nc4 29.
Ng5+ Kg8 30. Nf3 Kh7 31. Re2 Rfc8 32. Rae1 Qc7 33. Ne5 Nxe5 34. Rxe5 Rxc2 35. Rxh5+ gxh5 36. Qg5 Qxg3+ 37. fxg3 Rg8 38. Qxh5# 1-0

[Event "*** Titled Tuesday 3|2 Blitz"]
[Site "Chess.com"]
[Date "2015.12.01"]
[Round "1"]
[White "BakaPG"]
[Black "gumersindo"]
[Result "1-0"]
[WhiteElo "2490"]
[BlackElo "2197"]
[TimeControl "180+2"]
[EndTime "11:08:40 PST"]
[Termination "BakaPG won by resignation"]

1. e4 c6 2. d4 d5 3. Nd2 dxe4 4. Nxe4 Bf5 5. Ng3 Bg6 6. Nf3 Nd7 7. h4 h6 8. h5 Bh7 9. Bd3 Bxd3 10. Qxd3 Ngf6 11. Bd2 e6 12. O-O-O Be7 13. Kb1 O-O 14. Ne4 Nxe4 15. Qxe4 Nf6 16. Qe2 Qd5 17. c4 Qe4+ 18.
Qxe4 Nxe4 19. Be3 Rfd8 20. Ne5 Bg5 21. f4 Bf6 22. g4 Rd6 23. Kc2 Rad8 24. Rhg1 b6 25.
a4 c5 26. dxc5 Nxc5 27. Rxd6 Rxd6 28. Bxc5 bxc5 29. Nd3 Bd4 30. Rd1 Rb6 31. b3 f6 32.
Re1 Kf7 33. Re4 f5 34. gxf5 exf5 35. Re2 g6 36. Ne5+ Bxe5 37. Rxe5 Rc6 38. b4 cxb4 39. Kb3 Kf6 40. hxg6 Kxg6 41. Kxb4 h5 42. c5 a6 43.
Kc4 h4 44. Kd5 Rc8 45. c6 Kh5 46. Rxf5+ Kg4 47. Rf7 h3 48. Kd6 Rh8 49. Rg7+ Kxf4 50.
Rg1 h2 51. Rh1 Kg3 52. c7 Kg2 53. Rc1 h1=Q 54. Rxh1 Kxh1 55. Kd7 Rh7+ 56. Kc6 Rh8 57. Kb7 Kg2 58. c8=Q Rxc8 59. Kxc8 Kf3 60. Kb7 a5 61. Kb6 Ke4 62. Kxa5 Kd5 63. Kb6 1-0

[Event "*** Titled Tuesday 3|2 Blitz"]
[Site "Chess.com"]
[Date "2015.12.01"]
[Round "1"]
[White "oskariot"]
[Black "Keranke"]
[Result "0-1"]
[WhiteElo "2254"]
[BlackElo "2603"]
[TimeControl "180+2"]
[EndTime "11:08:44 PST"]
[Termination "Keranke won by resignation"]

1. e4 g6 2. d4 Bg7 3. Nc3 d6 4. f4 a6 5. Nf3 b5 6. e5 Nd7 7. Ng5 e6 8. Bd3 Bb7 9. O-O Ne7 10. Be3 Nb6 11. Bf2 Ned5 12. Nxd5 Nxd5 13. Qd2 Bh6 14. Bh4 Qe7 15. Qf2 dxe5 16. Ne4 Qb4 17. c3 Qa5 18. fxe5 Be3 19. Nf6+ Kf8 20. Nd7+ Kg8 21. Nf6+ Kg7 22. Nxd5 Bxf2+ 23. Rxf2 Bxd5 24. Bf6+ Kg8 25. a3 Rf8 26. Raf1 h5 27. h4 Rh7 28. Be7 Qa4 29. Bxf8 Kxf8 30. Bxg6 Rg7 31. Bxf7 Ke7 32.
Bxh5 c5 33. Rf7+ Rxf7 34. Rxf7+ Kd8 35. dxc5 Qxh4 36. Rf8+ Kc7 37. Rf7+ Kc6 38. Be2 Qe1+ 39. Bf1 Qe3+ 40. Kh1 Qxe5 41. Rh7 Qe1 42. Kg1 Qe3+ 43. Kh1 Qc1 44. Kg1 Qxb2 45. Ra7 Qxa3 46. Kh2 Kxc5 47.
Rc7+ Kb6 48. Rf7 Qxc3 0-1

[Event "*** Titled Tuesday 3|2 Blitz"]
[Site "Chess.com"]
[Date "2015.12.01"]
[Round "1"]
[White "LADIESGET2KNOWME"]
[Black "jefferyx"]
[Result "0-1"]
[WhiteElo "2238"]
[BlackElo "2547"]
[TimeControl "180+2"]
[EndTime "11:08:58 PST"]
[Termination "jefferyx won by resignation"]

1. d4 b5 2. e4 a6 3. a4 b4 4.
Bc4 Bb7 5. Qe2 e6 6. c3 Nf6 7. Nd2 Be7 8. Ngf3 d5 9. Bd3 c5 10.
dxc5 Bxc5 11. O-O O-O 12. e5 Nfd7 13. Nb3 Be7 14. Nbd4 bxc3 15. bxc3 Nc5 16. Bc2 Nbd7 17. a5 Ne4 18. c4 Ndc5 19. Be3 Rc8 20. cxd5 Qxd5 21.
Bxe4 Nxe4 22. Rfc1 Rfd8 23. h4 Rxc1+ 24. Bxc1 Bxh4 25.
Be3 Be7 26. Qb2 g5 27. Rb1 Ba8 28. Rc1 g4 29. Ne1 Qxa5 30. Ra1 Qxe5 31. Nd3 Qg7 32.
Rxa6 Bd5 33. Qb6 Rc8 34. Ra7 Bg5 35. Qa6 Rb8 36. Nb4 Bxe3 37. fxe3 Rxb4 38. Ra8+ Bxa8 39. Qxa8+ Qf8 40. Qxe4 g3 41. Qd3 Qb8 42. Kf1 Rb1+ 43. Ke2 Rb2+ 44. Kf3 Rf2+ 45. Kg4 Rxg2 46. Nc6 Qf8 47.
Kf3 Rf2+ 48. Kxg3 Rf5 49. Qd4 Qg7+ 50. Qg4 Rg5 51. Ne7+ Kf8 0-1

[Event "*** Titled Tuesday 3|2 Blitz"]
[Site "Chess.com"]
[Date "2015.12.01"]
[Round "1"]
[White "KNVB"]
[Black "GianmarcoVaR"]
[Result "1-0"]
[WhiteElo "2328"]
[BlackElo "1920"]
[TimeControl "180+2"]
[EndTime "11:09:04 PST"]
[Termination "KNVB won on time"]

1. d4 g6 2. c4 Bg7 3. e4 d6 4. Nc3 Nc6 5. Nge2 e5 6. Be3 f5 7. d5 Nce7 8. f3 Bh6 9. Bxh6 Nxh6 10. Qd2 Nf7 11. g3 O-O 12. Bg2 c6 13. O-O Kg7 14.
Rad1 Ng8 15. dxc6 bxc6 16. f4 Nf6 17. exf5 Bxf5 18. fxe5 Nxe5 19. b3 Qb6+ 20. Kh1 Rad8 21. Nd4 Bc8 22. h3 Qa5 23. g4 Nexg4 24. hxg4 Nxg4 25.
Nf3 Qh5+ 26. Kg1 c5 27. Qg5 Rxf3 28. Qe7+ Kh6 29. Rxf3 Ne5 30. Qxd8 Nxf3+ 31. Bxf3 Qxf3 32. Qxc8 Qg3+ 33. Kf1 Qf3+ 34. Ke1 Qxc3+ 35. Rd2 Qe3+ 36. Kd1 Qf3+ 37. Kc1 Qf1+ 38. Kc2 Qf5+ 39. Qxf5 gxf5 40. Rxd6+ Kg5 41. Rd7 h5 42. Kd3 h4 43. Ke2 h3 44.
Kf2 h2 45. Rh7 1-0